cohdb
Replays
Latest Replays
All Replays
Popular Replays
Top Player Replays
Match Explorer
How It Works
Community
CoH3 Stats
Reddit
Sign in to upload your games and track your stats! →
Sign in with Steam
Match 42294663
Unlisted
Match 42294663
Overview
Messages
Build Orders
End
Construct Barracks
Selects Advanced Infantry Battlegroup
Riflemen Squad
Riflemen Squad
Riflemen Squad
Grenade Package
Selects Convert to Ranger Squad
Infantry Support Center
Convert to Ranger Squad
M1918 Browning Automatic Rifles
Selects Frontline Medical Station
Frontline Medical Station
Convert to Ranger Squad
Riflemen Squad
Convert to Ranger Squad
Selects Artillery Observers
Engineer Squad
Convert to Ranger Squad
Selects M2A1 105mm Howitzer Emplacement
Selects Free Fire Drills
Construct Tank Depot
Selects Infantry Assault
Infantry Assault
Infantry Assault
M18 Hellcat Tank Destroyer
M18 Hellcat Tank Destroyer
Infantry Assault
Typecheck
Skylight
gUi
ImperialistSquiddy
crabdroid
screamingmalaki
Buster Rhymes
吃瓜群众
0
0
Comments
sign in to comment!
No comments posted yet!